Map: Overgrowth LE (Void)

Players

thermy (uThermal) - Winner!

  • Race: Terran Terran
  • League: Master
  • Spawn Location: 7:00

IIIIIIIIIIII (Has)

  • Race: Protoss Protoss
  • League: Diamond
  • Spawn Location: 1:00

Event: NationWars IV

VOD

Have the link to the VOD?

Description

Time

  • Played on: Jan. 2, 2017, 2:34 p.m.
  • Length: 13:59
Show
View Real Time Build Order
Export as new Build Order

thermy Terran - Winner!

Build Orders:  

Get SALT Encoding   

  12  0:02  SCV  
  13  0:14  SCV  
  14  0:18  Supply Depot  
  14  0:26  SCV  
  15  0:40  SCV  
  15  0:41  Barracks  
  16  0:44  Refinery  
  16  0:52  SCV  
  17  1:04  SCV  
  18  1:16  SCV  
  19  1:28  Marine  
  19  1:29  Orbital Command  
  20  1:39  Command Center  
  20  1:52  Factory  
  20  1:54  SCV  
  21  2:05  Barracks Reactor  
  21  2:06  SCV  
  22  2:10  Supply Depot  
  22  2:16  Engineering Bay  
  22  2:18  SCV  
  22  2:24  Bunker  
  22  2:30  SCV  
  23  2:38  Widow Mine  
  23  2:42  Missile Turret, Marine  
  23  2:44  Marine  
  27  2:47  SCV  
  28  2:59  SCV  
  28  3:00  Marine  
  28  3:01  Marine  
  30  3:11  SCV  
  31  3:14  Cyclone  
  31  3:18  Marine  
  35  3:24  SCV  
  35  3:26  Marine  
  36  3:32  SCV  
  37  3:36  Marine  
  38  3:44  Marine  
  39  3:49  Orbital Command  
  39  3:53  Marine  
  40  3:58  SCV  
  41  4:03  Factory Tech Lab  
  41  4:05  Refinery  
  41  4:06  Marine  
  42  4:10  SCV  
  42  4:11  Marine  
  44  4:18  Orbital Command  
  44  4:22  Starport  
  44  4:25  SCV  
  44  4:30  Supply Depot  
  45  4:37  SCV  
  46  4:50  Missile Turret  
  46  4:51  SCV, Siege Tank  
  50  4:54  SCV  
  50  4:55  Marine  
  50  4:57  Marine  
  50  4:58  Liberator  
  52  5:03  SCV  
  52  5:06  SCV  
  48  5:16  SCV  
  48  5:18  Marine, SCV  
  54  5:22  Supply Depot  
  54  5:29  Supply Depot  
  54  5:40  Supply Depot  
  54  5:43  Marine x2, SCV x2, Siege Tank  
  54  5:45  Liberator  
  61  5:54  Barracks x2  
  61  5:55  SCV x2  
  63  6:01  Marine  
  67  6:07  SCV x2  
  67  6:10  Supply Depot  
  69  6:11  Supply Depot  
  69  6:12  Bunker  
  69  6:13  Marine  
  70  6:19  Marine  
  70  6:20  Siege Tank  
  74  6:27  Supply Depot, SCV  
  74  6:28  SCV  
  76  6:35  Supply Depot  
  76  6:39  SCV  
  77  6:40  SCV  
  77  6:42  Barracks Tech Lab  
  77  6:43  Barracks Tech Lab  
  77  6:46  Marine x2  
  80  6:49  Starport Reactor  
  80  6:51  SCV  
  81  6:55  SCV  
  82  7:02  Marine  
  82  7:03  Marine, SCV, Stimpack  
  82  7:04  Marine x2  
  82  7:07  SCV  
  88  7:12  Refinery x2  
  88  7:22  Siege Tank  
  88  7:23  Command Center, Marine x2  
  88  7:28  Marine  
  91  7:36  Combat Shields  
  91  7:37  SCV  
  91  7:38  Barracks x2  
  91  7:39  Marine  
  90  7:45  Medivac  
  90  7:47  Marine x2  
  90  7:51  Marine  
  95  7:57  Marine  
  96  8:00  Terran Infantry Weapons Level 1  
  96  8:03  SCV x2  
  96  8:05  Marine x2  
  98  8:08  Siege Tank  
  101  8:13  Marine  
  101  8:15  Marine, SCV  
  101  8:17  Supply Depot, Medivac  
  105  8:23  Marine  
  105  8:26  Barracks Reactor x2  
  106  8:27  Marine  
  106  8:31  Marine, Supply Depot  
  106  8:32  Marine  
  109  8:35  Orbital Command  
  109  8:37  Missile Turret  
  109  8:40  Marine, Medivac  
  112  8:45  Marine  
  113  8:49  Marine  
  113  8:52  Medivac  
  116  8:56  Marine  
  116  8:57  Siege Tank  
  116  8:58  Marine  
  121  9:02  Supply Depot  
  121  9:03  Marine, Supply Depot  
  121  9:05  Marine  
  121  9:06  Marine x2  
  125  9:10  Medivac  
  125  9:12  Marine  
  125  9:15  Marine x2  
  130  9:19  SCV x2  
  130  9:23  Marine  
  130  9:24  Marine  
  133  9:28  Marine x2  
  133  9:29  Orbital Command  
  126  9:31  SCV  
  126  9:38  Missile Turret x2  
  124  9:40  Marine x2  
  124  9:41  Marine  
  127  9:47  Siege Tank  
  127  9:49  Marine  
  127  9:50  Marine  
  132  9:55  Medivac  
  126  10:05  Marine x2, SCV x3  
  131  10:13  Marine x3  
  134  10:17  Factory, SCV  
  134  10:19  SCV  
  134  10:20  Marine  
  137  10:26  Medivac x2  
  141  10:33  Marine, Supply Depot  
  141  10:34  Marine, Supply Depot  
  143  10:39  Marine x2, Terran Infantry Armor Level 1  
  145  10:42  Marine  
  145  10:48  Supply Depot  
  145  10:49  Marine  
  147  10:51  Supply Depot  
  147  10:52  Marine  
  147  10:55  Medivac  
  150  10:57  Siege Tank  
  150  10:58  Medivac  
  150  11:01  Marine  
  150  11:02  Marine x2, Factory Tech Lab  
  150  11:03  Marine  
  158  11:06  Marine x2  
  159  11:12  Marine x2  
  161  11:19  Marine  
  161  11:20  Marine x2  
  161  11:21  Marine, Supply Depot  
  161  11:23  Marine  
  165  11:29  Marine, Siege Tank  
  165  11:30  Marine  
  165  11:35  Missile Turret  
  165  11:37  Missile Turret, Marine  
  165  11:38  Marine x2  
  165  11:39  Marine, Siege Tank  
  172  11:41  Medivac  
  173  11:47  Medivac  
  173  11:48  Marine x2  
  173  11:49  Marine  
  173  11:50  Marine  
  179  11:55  Marine  
  179  11:56  Marine  
  181  12:06  Marine x2  
  181  12:07  Siege Tank  
  185  12:09  Marine  
  185  12:11  Medivac  
  185  12:12  Marine  
  185  12:13  Marine  
  182  12:16  Marine  
  182  12:17  Medivac, Armory  
  185  12:28  Marine  
  174  12:31  Marine x2  
  174  12:34  Marine x2  
  174  12:35  Siege Tank  
  174  12:37  Marine x2  
  179  12:39  Siege Tank  
  179  12:41  Marine, Medivac  
  187  12:53  Marine x2  
  187  13:02  Marine x2  
  184  13:07  Siege Tank  
  184  13:08  Marine x2  
  184  13:11  Siege Tank  
  156  13:14  Marine x2  
  156  13:17  Marine  
  141  13:21  Marine x3  
  141  13:26  Marine  
  144  13:27  Marine  
  144  13:32  Marine  
  142  13:37  Marine x2  
  142  13:39  Marine x3  
Show
View Real Time Build Order
Export as new Build Order

IIIIIIIIIIII Protoss 

Build Orders: Oracle Opening 

Get SALT Encoding   

  12  0:08  Pylon  
  12  0:13  Probe (Chrono Boost)  
  13  0:26  Gateway  
  13  0:29  Probe (Chrono Boost)  
  13  0:35  Assimilator  
  14  0:40  Probe (Chrono Boost)  
  15  0:47  Assimilator  
  15  0:50  Probe (Chrono Boost)  
  16  1:01  Probe (Chrono Boost)  
  17  1:11  Probe (Chrono Boost)  
  17  1:13  Cybernetics Core  
  18  1:22  Probe (Chrono Boost)  
  19  1:27  Pylon  
  20  1:32  Probe (Chrono Boost)  
  20  1:50  Mothership Core (Chrono Boost)  
  22  1:55  Stargate  
  22  1:59  Adept  
  25  2:08  Probe (Chrono Boost)  
  25  2:16  Warp Gate  
  26  2:22  Probe (Chrono Boost)  
  26  2:23  Adept  
  28  2:32  Pylon  
  28  2:34  Pylon  
  27  2:39  Oracle  
  30  2:50  Probe (Chrono Boost)  
  31  3:02  Probe (Chrono Boost)  
  32  3:10  Oracle  
  32  3:37  Nexus  
  32  3:43  Probe (Chrono Boost)  
  33  3:49  Pylon  
  33  4:03  Oracle  
  33  4:05  Pylon  
  33  4:09  Probe (Chrono Boost)  
  35  4:21  Probe (Chrono Boost)  
  37  4:33  Probe (Chrono Boost)  
  37  4:35  Twilight Council, Robotics Facility  
  37  4:36  Oracle  
  37  4:45  Probe (Chrono Boost)  
  41  4:47  Adept  
  41  4:51  Probe (Chrono Boost)  
  42  4:57  Probe (Chrono Boost)  
  43  5:01  Probe (Chrono Boost)  
  44  5:09  Probe (Chrono Boost)  
  44  5:13  Probe (Chrono Boost)  
  47  5:21  Probe (Chrono Boost)  
  47  5:27  Gateway  
  47  5:28  Probe (Chrono Boost), Gateway  
  48  5:33  Probe (Chrono Boost)  
  49  5:36  Stalker  
  49  5:39  Observer  
  49  5:40  Probe (Chrono Boost)  
  53  5:45  Probe (Chrono Boost)  
  54  5:52  Probe (Chrono Boost)  
  54  5:55  Resonating Glaives  
  56  5:57  Probe (Chrono Boost)  
  56  6:00  Adept  
  59  6:04  Probe (Chrono Boost)  
  59  6:07  Gateway  
  59  6:09  Probe (Chrono Boost), Pylon  
  59  6:10  Gateway  
  60  6:11  Gateway  
  60  6:16  Probe (Chrono Boost)  
  60  6:17  Pylon, Assimilator  
  61  6:22  Dark Shrine  
  61  6:27  Pylon  
  61  6:31  Mothership Core (Chrono Boost)  
  64  6:34  Probe (Chrono Boost)  
  64  6:35  Assimilator  
  64  6:40  Warp Prism  
  64  6:46  Probe (Chrono Boost)  
  67  6:49  Stalker  
  67  6:51  Probe (Chrono Boost)  
  70  6:54  Pylon  
  70  6:58  Probe (Chrono Boost)  
  70  7:00  Pylon  
  69  7:12  Stalker x2  
  73  7:19  Stalker  
  75  7:29  Shadow Stride  
  69  7:44  Probe x2 (Chrono Boost)  
  69  7:56  Probe x2 (Chrono Boost)  
  71  8:01  Pylon  
  71  8:07  Dark Templar x3  
  71  8:12  Probe x2 (Chrono Boost)  
  79  8:16  Pylon  
  79  8:18  Nexus  
  79  8:25  Probe x2 (Chrono Boost)  
  81  8:35  Gateway  
  81  8:37  Probe x2 (Chrono Boost), Gateway  
  81  8:39  Gateway  
  81  8:40  Assimilator  
  83  8:44  Assimilator  
  85  8:49  Probe x2 (Chrono Boost)  
  85  8:55  Forge  
  85  9:01  Probe x2 (Chrono Boost)  
  85  9:02  Blink  
  87  9:07  Stalker x2  
  87  9:08  Nexus  
  91  9:26  Stalker  
  91  9:27  Stalker x2  
  91  9:30  Protoss Ground Weapons Level 1  
  97  9:44  Stalker x2  
  97  9:45  Stalker  
  103  9:49  Probe (Chrono Boost)  
  103  9:50  Probe x2 (Chrono Boost)  
  100  10:07  Stalker x4  
  100  10:08  Stalker x3  
  114  10:14  Robotics Bay  
  114  10:17  Sentry x2  
  118  10:32  Immortal  
  122  10:38  Probe (Chrono Boost)  
  122  10:39  Probe (Chrono Boost)  
  122  10:40  Adept  
  122  10:41  Adept x6  
  138  10:45  Pylon  
  138  10:50  Probe (Chrono Boost)  
  138  10:52  Probe x2 (Chrono Boost)  
  138  10:53  Pylon  
  138  10:54  Pylon  
  141  11:02  Dark Templar x2  
  141  11:03  Colossus  
  151  11:25  Protoss Ground Weapons Level 2, Pylon  
  151  11:28  Pylon  
  151  11:35  Probe x2 (Chrono Boost)  
  151  11:36  Photon Cannon, Probe x2 (Chrono Boost)  
  151  11:38  Photon Cannon, Pylon  
  155  11:45  Probe x2 (Chrono Boost)  
  154  11:53  Stalker  
  154  11:54  Adept, Stalker x2  
  158  11:55  Adept x3  
  167  12:03  Probe x2 (Chrono Boost)  
  162  12:09  Pylon  
  162  12:10  Pylon  
  159  12:22  Pylon  
  158  12:24  Pylon  
  158  12:25  Colossus  
  158  12:26  Pylon  
  154  12:41  Archon  
  154  12:52  Adept x8  
  154  12:53  Adept  
  106  13:15  Stalker x4  
  106  13:16  Stalker  
  106  13:17  Stalker x3  
  99  13:40  Probe x2 (Chrono Boost)  
  91  13:45  Stalker x2  
  91  13:46  Stalker x3  
Tags
 
Add a new tag
Caveats
  • Supply blocks, unpowered buildings, or Contaminate may cause inaccurate times.
  • Supply counts are checked every 10 seconds.